 Dungeon Crawl Stone Soup version 0.28-a0-793-g31680bbd8b (webtiles) character file.

Game seed: 15999442190632308833

54343 porpoise the Thaumaturge (level 14, -6/82 HPs)
             Began as a Deep Elf Conjurer on Nov 4, 2021.
             Was an Elder of Vehumet.
             Hit by a large rock thrown by a cyclops (14 damage)
             ... on level 13 of the Dungeon on Nov 5, 2021.
             The game lasted 02:22:58 (31729 turns).

porpoise the Thaumaturge (Deep Elf Conjurer)       Turns: 31729, Time: 02:22:58

Health: -6/82      AC:  9    Str:  7    XL:     14   Next: 34%
Magic:  24/34      EV: 19    Int: 26    God:    Vehumet [****..]
Gold:   839        SH:  5    Dex: 13    Spells: 11/41 levels left

rFire   + . .      SeeInvis .   b - +4 hunting sling (flame)
rCold   + + .      Faith    .   K - +0 buckler
rNeg    . . .      Spirit   .   c - +2 leather armour {rPois}
rPois   +          Reflect  .   (no helmet)
rElec   +          Harm     .   s - +1 cloak
rCorr   .          Rampage  .   P - +0 pair of gloves
Will    +....                   n - +0 pair of boots
Stlth   +++.......              (no amulet)
HPRegen 0.23/turn               U - ring of Zuolefa {rElec rC++ EV+4}
MPRegen 0.24/turn               B - ring of protection from fire

@: no status effects
A: mutation resistance 1
a: Renounce Religion


You were on level 13 of the Dungeon.
You worshipped Vehumet.
Vehumet was greatly pleased with you.
You visited 3 branches of the dungeon, and saw 19 of its levels.
You also visited: Ice Cave.

You collected 1511 gold pieces.
You spent 672 gold pieces at shops.

Inventory:

Hand Weapons
 b - a +4 hunting sling of flaming (weapon)
Missiles
 g - 125 sling bullets (quivered ammo)
 Z - 5 curare-tipped darts
Armour
 c - a +2 leather armour of poison resistance (worn)
 n - a +0 pair of boots (worn)
 s - a +1 cloak (worn)
 K - a +0 buckler (worn)
 P - a +0 pair of gloves (worn)
Magical Staves
 a - a staff of poison
Jewellery
 x - a ring of resist corrosion
 B - a ring of protection from fire (right hand)
 U - the ring of Zuolefa (left hand) {rElec rC++ EV+4}
   (You found it on level 10 of the Dungeon)

   [ring of evasion]

   EV:        It affects your evasion (+4).
   rC:        It greatly protects you from cold.
   rElec:     It insulates you from electricity.
Wands
 m - a wand of paralysis (21)
 o - a wand of flame (57)
 p - a wand of charming (7)
 q - a wand of digging (5)
 y - a wand of iceblast (33)
 I - a wand of acid (35)
 O - a wand of mindburst (15)
Scrolls
 v - 4 scrolls of blinking
 z - a scroll of identify
 A - a scroll of fog
 E - 4 scrolls of teleportation
 G - a scroll of magic mapping
Potions
 f - 7 potions of curing
 r - 2 potions of cancellation
 t - 3 potions of attraction
 u - 2 potions of resistance
 w - a potion of ambrosia
 H - 2 potions of lignification
 J - 4 potions of heal wounds
 V - 2 potions of haste


   Skills:
 - Level 7.0 Fighting
 - Level 9.0 Dodging
 - Level 7.0 Stealth
 - Level 7.0 Shields
 - Level 14.0 Spellcasting
 - Level 9.0 Conjurations
 - Level 12.0 Hexes
 + Level 6.7 Translocations
 - Level 5.0 Transmutations
 - Level 7.0 Fire Magic
 - Level 5.0 Earth Magic
 - Level 7.0 Poison Magic
 + Level 6.7 Evocations


You had 11 spell levels left.
You knew the following spells:

 Your Spells              Type           Power      Damage    Failure   Level
b - Searing Ray           Conj           100%       2d8       1%          2
c - Fulminant Prism       Conj/Hex       32%        3d16      1%          4
d - Iskenderun's Mystic   Conj/Tloc      56%        2d12      1%          4
e - Iron Shot             Conj/Erth      26%        9d6       11%         6
i - Ignite Poison         Fire/Tmut/Pois 50%        N/A       1%          3
o - Olgreb's Toxic Radia  Pois           53%        N/A       1%          4
s - Stone Arrow           Conj/Erth      100%       3d13      1%          3
w - Flame Wave            Conj/Fire      56%        3d10      1%          4

Your spell library contained the following spells:

 Spells                   Type           Power      Damage    Failure   Level
 Freezing Cloud           Conj/Ice/Air   16%        6-21      11%         5
 Foxfire                  Conj/Fire      100%       2x1d9     1%          1
 Magic Dart               Conj           100%       1d8       1%          1
 Sting                    Tmut/Pois      100%       1d8       1%          1
 Ensorcelled Hibernation  Hex/Ice        98%        N/A       1%          2
 Conjure Flame            Conj/Fire      56%        6-21      1%          3
 Dazzling Flash           Conj/Hex       100%       N/A       1%          3
 Gell's Gravitas          Tloc           52%        N/A       1%          3
 Inner Flame              Hex/Fire       61%        N/A       1%          3
 Lesser Beckoning         Tloc           52%        N/A       1%          3
 Mephitic Cloud           Conj/Pois/Air  45%        N/A       1%          3
 Portal Projectile        Hex/Tloc       100%       N/A       1%          3
 Spider Form              Tmut/Pois      49%        N/A       1%          3
 Teleport Other           Tloc           52%        N/A       1%          3
 Tukima's Dance           Hex            69%        N/A       1%          3
 Irradiate                Conj/Tmut      26%        3d22      1%          5
 Iskenderun's Battlesphe  Conj           60%        2d11      1%          5
 Pain                     Necr           72%        1d7       4%          1
 Lightning Bolt           Conj/Air       20%        1d35      5%          5
 Blade Hands              Tmut           22%        N/A       16%         5
 Eringya's Noxious Bog    Tmut/Pois      24%        N/A       16%         6
 Agony                    Necr           18%        N/A       77%         5
 Excruciating Wounds      Necr           9%         N/A       77%         5
 Spellforged Servitor     Conj/Summ      20%        N/A       80%         7
 Dragon Form              Tmut           22%        N/A       99%         7
 Maxwell's Capacitive Co  Air            9%         ∞         100%        8
 Polar Vortex             Ice            9%         N/A       100%        9


Dungeon Overview and Level Annotations

Branches:
Dungeon (13/15)            Temple (1/1) D:7            Lair (5/6) D:11
  Swamp (0/4) Lair:4       Spider (0/4) Lair:4          Orc (0/2) D:11
  IceCv (visited)
  Slime: Lair:5-6    Vaults: D:13-14

Altars:
Ashenzari
Cheibriados
Dithmenos
Elyvilon
Fedhas
Gozag
Hepliaklqana
Kikubaaqudgha
Makhleb
Nemelex Xobeh
Okawaru
Qazlal
Ru
Sif Muna
Trog
Uskayaw
Vehumet
Wu Jian
Xom
Yredelemnul
Zin
The Shining One

Shops:
D:6 :

Annotations:
D:3 Veh, exclusion: downstairs
Lair:1 exclusion: 2 oklob plants


Innate Abilities, Weirdness & Mutations

You are somewhat resistant to further mutation.


Message History

Okay, then.
Casting: Ignite Poison (safe; 1% risk of failure)
Confirm with . or Enter, or press ? or * to list all spells.
You begin to radiate toxic energy.
The cyclops is poisoned.
The cyclops looks even sicker.
The cyclops throws a large rock.
The large rock hits you!!
Casting: Olgreb's Toxic Radiance (mildly dangerous; 1% risk of failure)
Confirm with . or Enter, or press ? or * to list all spells.
Aiming: Fulminant Prism (safe; 1% risk of failure)
Press: ? - help, Dir - move target
Okay, then.
Unknown command.
The cyclops looks even sicker.
Your toxic aura wanes.
Casting: Fulminant Prism (safe; 1% risk of failure)
Confirm with . or Enter, or press ? or * to list all spells.
Aiming: Fulminant Prism (safe; 1% risk of failure)
Press: ? - help, Dir - move target You conjure a prism of explosive energy!
A fulminant prism comes into view.
You hear a loud crackle.
There is a stone staircase leading up here.
An electric eel comes into view.
Your fulminant prism explodes!
The blast of energy engulfs the cyclops.
The cyclops is moderately wounded.
You hear an angry hiss.
Casting: Fulminant Prism (safe; 1% risk of failure)
Confirm with . or Enter, or press ? or * to list all spells.
Aiming: Fulminant Prism (safe; 1% risk of failure)
Press: ? - help, Dir - move target You conjure a prism of explosive energy!
A fulminant prism comes into view.
The cyclops throws a large rock.
The large rock hits you!!!
Ouch! That really hurt!
* * * LOW HITPOINT WARNING * * *
You hear a loud crackle.
There is a stone staircase leading up here.
The cyclops throws a large rock.
The large rock hits you!
You die...

#≈≈≈≈≈≈≈≈≈≈≈≈≈≈≈≈≈≈≈
##≈≈≈≈≈≈≈≈≈≈≈≈≈≈≈≈≈≈
#≈≈≈≈≈≈≈≈≈≈≈≈≈≈≈≈≈≈≈
#≈≈≈≈≈≈≈≈≈≈≈≈≈≈≈≈≈≈≈
#≈≈≈≈≈≈≈≈≈≈≈≈#≈≈≈≈≈≈
#≈≈≈≈≈≈≈≈≈≈*S≈≈≈#
###≈..≈≈≈≈.≈C≈≈≈≈
##.....#...≈..#
#..<##@.#.#.##.
##..#<#..#.#.. #....
.##... . #!#####.
### ##. #. # .. ##


You could see a cyclops (very poisoned) and an electric eel.

Vanquished Creatures
  A frost giant (IceCv)
  Nessos (Lair:5)
  2 hydras
  A boulder beetle (D:12)
  The ghost of Gurokim the Grappler, a novice TrBe of Trog (Lair:1)
  2 two-headed ogres
  The ghost of Jamaujis the Martial Artist, a journeyman DsGl of Hepliaklqana (Lair:1)
  The ghost of Ynoky the Cleaver, a novice DsFi of Okawaru (Lair:1)
  2 tengu warriors (D:10)
  A death knight (D:12)
  11 death yaks
  Urug (Lair:5)
  Sonja (Lair:5)
  Pikel (D:7)
  3 deep elf pyromancers (D:12)
  A cyclops (D:11)
  6 oklob plants
  4 elephants (Lair:5)
  2 torpor snails
  An ice statue (IceCv)
  Joseph (D:8)
  3 gargoyles
  3 black mambas
  An unseen horror (D:12)
  3 cane toads
  Maggie (Lair:2)
  5 komodo dragons
  5 rime drakes
  A demonic crawler (Lair:4)
  A freezing wraith (D:12)
  4 trolls
  3 hornets
  14 polar bears
  A jumping spider (shapeshifter) (D:12)
  3 blink frogs (Lair:4)
  67 yaks
  A meliai zombie (D:10)
  3 wyverns
  A shadow (D:10)
  2 wraiths
  2 water elementals
  4 basilisks
  5 vampire mosquitoes
  A steam dragon (D:8)
  10 water moccasins
  2 acid dragons
  2 sky beasts (D:6)
  2 black bears
  2 necrophages
  4 orc warriors
  2 ogres
  15 wolves (IceCv)
  7 centaurs
  A phantom (D:7)
  2 lemures (D:7)
  A kobold brigand (D:7)
  9 bullfrogs
  9 scorpions
  A wyvern zombie (D:8)
  A water moccasin zombie (D:5)
  A wyvern skeleton (D:7)
  A water moccasin skeleton (D:6)
  5 electric eels (D:11)
  2 wights (D:9)
  7 howler monkeys
  A bullfrog zombie (D:7)
  6 hounds
  6 centaur zombies
  3 orc priests
  3 bullfrog skeletons
  A jelly (D:6)
  A gnoll shaman (D:9)
  2 iguanas
  Ijyb (D:3)
  2 hell rats (Lair:1)
  7 orc wizards
  A killer bee zombie (D:7)
  A hound skeleton (D:5)
  2 mummies (D:9)
  A howler monkey zombie (D:9)
  5 adders
  11 gnolls
  A howler monkey skeleton (D:7)
  10 river rats (Lair:1)
  A shadow imp (D:3)
  2 white imps
  3 ufetubi
  3 worms
  4 dart slugs
  29 orcs
  7 bats
  8 endoplasms
  5 giant cockroaches
  13 goblins
  7 hobgoblins
  13 jackals
  8 kobolds
  3 quokkas
  12 ball pythons
  3 frilled lizards
  8 rats
  A spectral kobold (D:7)
  14 bushes (Lair:1)
  A fulminant prism (D:9)
475 creatures vanquished.

Vanquished Creatures (others)
  A quokka (D:11)
  244 fulminant prisms
  34 fungi
  125 plants
  9 withered plants
413 creatures vanquished.

Grand Total: 888 creatures vanquished

Notes
Turn   | Place    | Note
-------+----------+-------------------------------------------
     0 | D:1      | porpoise the Deep Elf Conjurer began the quest for the Orb.
     0 | D:1      | Reached XP level 1. HP: 10/10 MP: 6/6
   148 | D:1      | Reached XP level 2. HP: 15/15 MP: 2/8
   202 | D:1      | Learned a level 2 spell: Searing Ray
   493 | D:1      | Reached skill level 4 in Spellcasting
   542 | D:1      | Reached skill level 5 in Conjurations
   542 | D:1      | Reached XP level 3. HP: 19/19 MP: 5/10
  1526 | D:2      | Reached XP level 4. HP: 24/24 MP: 3/12
  1599 | D:2      | Learned a level 4 spell: Fulminant Prism
  1604 | D:2      | Learned a level 4 spell: Iskenderun's Mystic Blast
  1949 | D:2      | Reached skill level 1 in Hexes
  2485 | D:3      | Found a transporter.
  2490 | D:3      | Found a sparkling altar of Nemelex Xobeh.
  2490 | D:3      | Found a burning altar of Makhleb.
  2490 | D:3      | Found a radiant altar of Vehumet.
  2501 | D:3      | Found a transporter.
  2541 | D:4      | Noticed a centaur
  2546 | D:4      | Noticed a scorpion
  2611 | D:3      | Reached skill level 5 in Spellcasting
  2971 | D:3      | Noticed Ijyb
  2977 | D:3      | Killed Ijyb
  2978 | D:3      | Reached XP level 5. HP: 27/28 MP: 6/15
  3722 | D:4      | Reached skill level 6 in Spellcasting
  4361 | D:4      | Reached XP level 6. HP: 23/32 MP: 6/17
  4767 | D:4      | Reached skill level 7 in Spellcasting
  4767 | D:4      | Reached skill level 5 in Hexes
  5056 | D:4      | Reached skill level 1 in Translocations
  5221 | D:5      | Entered Level 5 of the Dungeon
  5261 | D:5      | Reached XP level 7. HP: 26/36 MP: 13/19
  5942 | D:5      | Got the Incunabulum of Hexes and Feathers
  6394 | D:5      | Reached skill level 5 in Translocations
  6394 | D:5      | Reached XP level 8. HP: 33/41 MP: 13/21
  6829 | D:6      | Reached skill level 8 in Spellcasting
  6913 | D:6      | Identified the +7 chain mail of the Unseen Realm {rCorr
                  | Str+6}
  7129 | D:6      | Reached skill level 9 in Spellcasting
  7216 | D:6      | Reached skill level 1 in Fighting
  7264 | D:6      | Found Ryeteoq's Book Shop.
  8172 | D:7      | Reached XP level 9. HP: 48/48 MP: 19/24
  8266 | D:7      | Reached skill level 10 in Spellcasting
  8324 | D:7      | Noticed Pikel
  8469 | D:7      | Killed Pikel
  8470 | D:7      | Reached skill level 11 in Spellcasting
  9236 | D:7      | Found a staircase to the Ecumenical Temple.
  9245 | Temple   | Entered the Ecumenical Temple
  9573 | D:3      | Became a worshipper of Vehumet
  9767 | D:7      | Found a hazy altar of Hepliaklqana.
 10084 | D:7      | Learned a level 4 spell: Flame Wave
 10108 | D:8      | Noticed Joseph
 10119 | D:8      | Killed Joseph
 10120 | D:8      | Reached skill level 5 in Fighting
 10120 | D:8      | Reached skill level 12 in Spellcasting
 10120 | D:8      | Reached skill level 1 in Fire Magic
 10513 | D:8      | Noticed a two-headed ogre
 10525 | D:8      | Killed a two-headed ogre
 10526 | D:8      | Reached skill level 1 in Shields
 10526 | D:8      | Reached XP level 10. HP: 59/59 MP: 17/28
 11006 | D:8      | Found a shadowy altar of Dithmenos.
 11467 | D:8      | Found a snail-covered altar of Cheibriados.
 11738 | D:9      | Reached * piety under Vehumet
 11738 | D:9      | Offered knowledge of Freeze by Vehumet.
 12514 | D:9      | Reached skill level 5 in Fire Magic
 13013 | D:9      | Identified the +1 robe of the Maze {Str+7}
 13177 | D:10     | Entered Level 10 of the Dungeon
 13301 | D:10     | Noticed a gargoyle
 13308 | D:10     | Killed a gargoyle
 13341 | D:10     | Identified the ring of Zuolefa {rElec rC++ EV+4}
 13424 | D:10     | Reached skill level 5 in Dodging
 13424 | D:10     | Reached XP level 11. HP: 63/63 MP: 24/29
 13430 | D:10     | Offered knowledge of Scorch by Vehumet.
 13430 | D:10     | Reached ** piety under Vehumet
 13962 | D:10     | Noticed a tengu warrior
 13963 | D:10     | Noticed a tengu warrior
 13977 | D:10     | Killed a tengu warrior
 13978 | D:10     | Killed a tengu warrior
 14667 | D:11     | Found a white marble altar of Elyvilon.
 14851 | D:11     | Found a staircase to the Orcish Mines.
 14900 | D:11     | Reached skill level 1 in Evocations
 15261 | D:11     | Found a staircase to the Lair.
 15480 | D:11     | Reached skill level 13 in Spellcasting
 15749 | D:11     | Offered knowledge of Ignite Poison by Vehumet.
 15754 | D:11     | Learned a level 3 spell: Ignite Poison
 15917 | D:6      | Bought Rifrukh's Compendium of Poison and Cold for 672 gold
                  | pieces
 15922 | D:6      | Learned a level 4 spell: Olgreb's Toxic Radiance
 16369 | D:12     | Noticed a deep elf pyromancer
 16373 | D:12     | Noticed a boulder beetle
 16387 | D:12     | Killed a deep elf pyromancer
 16388 | D:12     | Reached skill level 5 in Evocations
 16528 | D:12     | Noticed a deep elf pyromancer
 16529 | D:12     | Noticed a deep elf pyromancer
 16534 | D:12     | Killed a deep elf pyromancer
 16534 | D:12     | Killed a deep elf pyromancer
 16535 | D:12     | Reached skill level 14 in Spellcasting
 16535 | D:12     | Reached XP level 12. HP: 68/68 MP: 21/32
 16541 | D:12     | Reached skill level 1 in Poison Magic
 17198 | D:12     | Killed a boulder beetle
 17199 | D:12     | Reached skill level 5 in Stealth
 17500 | D:12     | Noticed a death knight
 17504 | D:12     | Killed a death knight
 17514 | D:12     | Reached *** piety under Vehumet
 17776 | D:12     | Noticed a two-headed ogre
 17781 | D:12     | Killed a two-headed ogre
 18084 | Lair:1   | Entered Level 1 of the Lair of Beasts
 18409 | Lair:1   | Identified the +5 hand axe of the Apocalypse {antimagic,
                  | rElec Str+4}
 18618 | Lair:1   | Reached skill level 5 in Poison Magic
 18841 | Lair:1   | Found a runed translucent gate.
 18841 | Lair:1   | Found a runed translucent gate.
 18841 | Lair:1   | Found a runed translucent gate.
 19065 | Lair:1   | Noticed Jamaujis's ghost (journeyman DsGl)
 19065 | Lair:1   | Noticed Ynoky's ghost (novice DsFi)
 19065 | Lair:1   | Noticed Gurokim's ghost (novice TrBe)
 19369 | Lair:1   | Killed Gurokim's ghost
 19370 | Lair:1   | Killed Ynoky's ghost
 19370 | Lair:1   | Offered knowledge of Stone Arrow by Vehumet.
 19592 | Lair:1   | Killed Jamaujis's ghost
 20973 | Lair:2   | Noticed Maggie
 21105 | Lair:1   | Learned a level 3 spell: Stone Arrow
 21453 | Lair:2   | Killed Maggie
 21454 | Lair:2   | Reached skill level 1 in Transmutations
 22256 | Lair:3   | Noticed a death yak
 22264 | Lair:3   | Killed a death yak
 22265 | Lair:3   | Reached XP level 13. HP: 76/76 MP: 22/33
 22270 | Lair:3   | Reached **** piety under Vehumet
 22477 | Lair:3   | Reached skill level 5 in Shields
 22535 | Lair:3   | Found a frozen archway.
 22544 | IceCv    | Entered an ice cave
 22549 | IceCv    | Offered knowledge of Sticky Flame by Vehumet.
 23277 | IceCv    | Reached skill level 5 in Transmutations
 23680 | IceCv    | Reached skill level 1 in Earth Magic
 24678 | IceCv    | Noticed a frost giant
 24703 | IceCv    | Killed a frost giant
 25250 | IceCv    | Reached skill level 5 in Earth Magic
 25480 | IceCv    | Identified the +7 long sword "Koaloz" {venom, *Slow rC+
                  | Str+4}
 25761 | Lair:3   | Found a sacrificial altar of Ru.
 26139 | Lair:4   | Reached ***** piety under Vehumet
 26144 | Lair:4   | Offered knowledge of Freezing Cloud by Vehumet.
 26233 | Lair:4   | Found a hole to the Spider Nest.
 26269 | Lair:4   | Found a staircase to the Swamp.
 26282 | Lair:4   | Reached skill level 10 in Hexes
 28952 | Lair:5   | Reached XP level 14. HP: 82/82 MP: 0/34
 29492 | Lair:5   | Noticed Nessos
 29493 | Lair:5   | Gained mutation: You are somewhat resistant to further
                  | mutation. [potion of mutation]
 29514 | Lair:5   | Killed Nessos
 29818 | Lair:5   | Noticed Urug
 30073 | Lair:5   | Killed Urug
 30498 | Lair:5   | Noticed Sonja
 30504 | Lair:5   | Killed Sonja
 31522 | Lair:1   | Learned a level 6 spell: Iron Shot
 31729 | D:13     | Hit by a large rock thrown by a cyclops

Illustrated notes

Levels and vault maps discovered:
D:1:      evilmike_arrival_rings, layout_basic, minmay_pentomino_o2
D:2:      layout_loops_ring, kennysheep_generic_room_3
D:3:      layout_loops_ring, gammafunk_temple_overflow_arena, uniq_ijyb
D:4:      layout_basic
D:5:      layout_loops_ring
D:6:      layout_loops_ring, serial_shops, shop_fountains, chequers_arboretum
D:7:      layout_loops_ring, nicolae_hepliaklqana_monster_ancestors,
          minmay_temple_entry_grid, minivault_10, glass_columns_c, uniq_pikel
D:8:      layout_loops_ring, marbit_many_paths, nicolae_dithmenos_the_darkroom,
          minmay_liquid_box, uniq_joseph
D:9:      layout_roguey, serial_undead, serial_undead_a, serial_undead_e,
          serial_undead_e, serial_undead_b, nicolae_zen_rock_garden
D:10:     layout_irregular_city
D:11:     layout_basic, david_lair_generic, orc_0_dummy, elyvilon_altar_4
D:12:     layout_loops_cross
D:13:     erik_rubicon_b, layout_long_grid, hellmonk_ghost_big_iron
Temple:   lightli_temple_of_artemis
Lair:1:   minmay_lair_oklob_tunnel, layout_gridlike, serial_forest,
          infiniplex_forest_end_1, infiniplex_forest_lined_2,
          infiniplex_forest_straight_1, infiniplex_forest_lined_room_2,
          infiniplex_forest_lined_3, infiniplex_forest_end_1,
          infiniplex_forest_zigzag_1, infiniplex_forest_straight_5,
          infiniplex_forest_clump_curved, gammafunk_ghost_cemetery,
          kennysheep_rathole
Lair:2:   layout_small_grid, gauntlet_entry_generic, minivault_19,
          grunt_forest_large_clearing_hut, uniq_maggie
Lair:3:   layout_roguey, basic_altar, portal_ice_cave_entry_pillars_2,
          hangedman_lair_unloving_vines, infiniplex_staircase_pool_2
Lair:4:   layout_loops_ring, swamp_mist, nicolae_spider_entry_non_spiders,
          dpeg_oklob_1
Lair:5:   layout_loops_ring, beast_lair_carwin_6, uniq_nessos, uniq_urug,
          uniq_sonja

Skill      XL: |  1  2  3  4  5  6  7  8  9 10 11 12 13 14 |
---------------+-------------------------------------------+-----
Spellcasting   | 4 5 6 7 9 12 14 | 14.0
Conjurations   | 5 7 9 |  9.0
Hexes          | 2 4 5 7 9 10 12 | 12.0
Translocations | 2 5 6 |  6.7
Fighting       | 2 5 7 |  7.0
Fire Magic     | 2 6 7 |  7.0
Shields        | 1 4 7 |  7.0
Dodging        | 5 7 9 |  9.0
Evocations     | 5 6 |  6.7
Poison Magic   | 7 |  7.0
Stealth        | 7 |  7.0
Transmutations | 2 5 |  5.0
Earth Magic    | 5 |  5.0

Action                   |  1- 3 |  4- 6 |  7- 9 | 10-12 | 13-15 || total
-------------------------+-------+-------+-------+-------+-------++-------
Melee: Staff             |       |       |       |     5 |     8 ||    13
       Dagger            |       |       |       |     3 |       ||     3
 Fire: Hunting sling     |       |    27 |    44 |    83 |    22 ||   176
Throw: Dart              |       |       |     4 |     8 |       ||    12
 Cast: Magic Dart        |    65 |    27 |     9 |       |       ||   101
       Searing Ray       |     8 |    42 |    62 |    58 |    18 ||   188
       Iskenderun's Myst |       |       |     9 |    59 |    93 ||   161
       Fulminant Prism   |       |       |     3 |   126 |   117 ||   246
       Flame Wave        |       |       |     2 |     6 |       ||     8
       Stone Arrow       |       |       |       |     9 |    36 ||    45
       Ignite Poison     |       |       |       |     1 |    15 ||    16
       Olgreb's Toxic Ra |       |       |       |     1 |    12 ||    13
Evoke: Wand              |       |       |       |     9 |    11 ||    20
  Use: Scroll            |       |     1 |       |    17 |    11 ||    29
       Potion            |       |     1 |       |     1 |     3 ||     5
Armor: Robe              |     1 |     1 |    16 |    32 |       ||    50
       Leather armour    |       |       |       |       |     3 ||     3
       Steam dragon scal |       |       |       |       |     8 ||     8
Dodge: Dodged            |     3 |    17 |    36 |    57 |    88 ||   201
Block: Buckler           |       |       |       |    15 |    25 ||    40

Table legend: (Time is in decaauts)
 A = Elapsed time spent in this place.
 B = Non-inter-level travel time spent in this place.
 C = Inter-level travel time spent in this place.
 D = Time resting spent in this place.
 E = Time spent auto-exploring this place.
 F = Levels seen in this place.
 G = Mean time per level.
                   A        B        C        D        E       F      G
               +--------+--------+--------+--------+--------+-----+--------+
         Total |  31898 |  30201 |   1697 |  16052 |   8720 |  20 | 1594.9 |
       Dungeon |  18362 |  17130 |   1232 |   8555 |   6213 |  13 | 1412.5 |
        Temple |     47 |     30 |     17 |      0 |      2 |   1 |   47.0 |
          Lair |  10506 |  10059 |    447 |   5412 |   2443 |   5 | 2101.2 |
      Ice Cave |   2981 |   2981 |      0 |   2084 |     62 |   1 | 2981.0 |
               +--------+--------+--------+--------+--------+-----+--------+

Top non-repeatable levels by time:
  Lair:1: 3215 daAuts
  Lair:4: 3080 daAuts
   IceCv: 2981 daAuts
     D:7: 2295 daAuts
    D:11: 2200 daAuts
  Lair:5: 1896 daAuts
     D:3: 1738 daAuts
  Lair:2: 1571 daAuts
     D:8: 1527 daAuts
     D:9: 1495 daAuts
     D:5: 1411 daAuts
    D:10: 1307 daAuts
     D:2: 1294 daAuts
     D:6: 1279 daAuts
    D:12: 1277 daAuts
